 Dungeon Crawl Stone Soup version 0.31-a0-1057-g70f3316b05 (webtiles) character file.

Game seed: 17614592516947676313

28 Ge0ff the Scratcher (level 3, -2/12 (16) HPs)
             Began as a Felid Reaver on Nov 20, 2023.
             Frozen to death by an endoplasm (5 damage)
             ... on level 2 of the Dungeon.
             The game lasted 00:02:03 (1069 turns).

Ge0ff the Scratcher (Felid Reaver)                  Turns: 1069, Time: 00:02:03

HP:   -2/12 (16)    AC:  1    Str:  8    XL:     3   Next: 0%
MP:   7/7           EV: 17    Int: 14    God:
Gold: 20            SH:  0    Dex: 16    Spells: 5/6 levels left
                                        Lives: 0   Deaths: 1

rFire   . .          .
                       - Unarmed
rCold   . . .        (shield unavailable)
rNeg    . . .        (body armour unavailable)
rPois   .            (helmet unavailable)
rElec   .            (cloak unavailable)
rCorr   .            (gloves unavailable)
SInv    +            (boots unavailable)
Will    .....        (no amulet)
Stlth   ++           (no ring)
HPRegen 0.22/turn    (no ring)
MPRegen 0.10/turn

%: no passive effects
@: very heavily drained, quick
A: very small, claws 1, fangs 3, see invisible, speed 1, shaggy fur 1, stealthy
paws, no weapons or thrown items, no armour, multi-lived
a: no special abilities


You were on level 2 of the Dungeon.
You visited 1 branch of the dungeon, and saw 2 of its levels.

You collected 20 gold pieces.

Inventory:

Talismans
 b - a serpent talisman
Scrolls
 d - a scroll of teleportation {unknown}
 f - a scroll of acquirement {unknown}
Potions
 a - a potion of magic {unknown}
 c - a potion of resistance {unknown}
 e - a potion of haste {unknown}
 g - a potion of lignification {unknown}


   Skills:
 + Level 2.3 Fighting
 - Level 2.6 Dodging
 - Level 3.0 Stealth
 + Level 3.2 Unarmed Combat
 - Level 2.0 Spellcasting
 - Level 2.6 Conjurations


You had 5 spell levels left.
You knew the following spells:

 Your Spells              Type           Power      Damage    Failure   Level
E - Kiss of Death         Conj/Necr      20%        2d7       14%         1

Your spell library contained the following spells:

 Spells                   Type           Power      Damage    Failure   Level
 Momentum Strike          Conj/Tloc      10%        3d8       21%         2
 Blink                    Tloc           2%         N/A       34%         2
 Lesser Beckoning         Tloc           2%         N/A       34%         2
 Hailstorm                Conj/Ice       5%         3d4       38%         3


Dungeon Overview and Level Annotations

Branches:
Dungeon (2/15) Zot: 17117

Altars:


Innate Abilities, Weirdness & Mutations

You have sharp claws.
You have razor-sharp teeth.
You have supernaturally acute eyesight. (SInv)
You cover ground quickly. (Speed+)
You are covered in fur. (AC +1)
Your paws help you pounce on unaware monsters.
You are incapable of wielding weapons or throwing items.
You cannot wear armour.
You gain extra lives every three experience levels.


Message History

The helpless endoplasm fails to defend itself.
You mangle the endoplasm!!
You kill the endoplasm!
HP restored.
An adder comes into view.
An endoplasm comes into view.
You open the door.
There is an open door here.
The adder hisses angrily.
The endoplasm quivers.
There is an open door here.
You scratch the adder. Your bite misses the adder.
The adder is moderately wounded.
The adder completely misses you.
You miss the adder.
The adder is moderately wounded.
The adder barely misses you.
You scratch the adder. You bite the adder, but do no damage.
The adder is almost dead.
The adder bites you but does no damage. x2
You barely miss the adder.
The adder is almost dead.
The adder completely misses you.
You closely miss the adder.
The adder is almost dead.
The adder bites you.
Ouch! That really hurt!
You closely miss the adder.
The adder is almost dead.
The endoplasm jiggles.
The adder completely misses you.
You barely miss the adder.
The adder is almost dead.
The adder misses you.
You scratch the adder.
You kill the adder!
You have reached level 3!
Your experience leads to an increase in your attributes!
Increase (S)trength, (I)ntelligence, or (D)exterity?
You feel agile. x2
You scratch the endoplasm.
The endoplasm is severely wounded.
The endoplasm hits you.
* * * LOW HITPOINT WARNING * * *
You scratch the endoplasm but do no damage.
You bite the endoplasm.
The endoplasm is almost dead.
The endoplasm freezes you.
You are frozen.
You die...

. #.. #
#.....##########.#
.......†<.......#
. ....######..####
....#.#.#.#.#.#
#.J.S.......#
....#.##J##.#.# #
#. #@..#...# #
+...+.#.#
#...#...#
##+##.#.# ....#
#.###


You could see an endoplasm.

Vanquished Creatures
  An adder (D:2)
  A dart slug (D:2)
  2 endoplasms
  2 giant cockroaches (D:1)
  A goblin (D:1)
  A kobold (D:1)
  A quokka (D:1)
  3 ball pythons (D:1)
  2 bats (D:1)
  3 rats (D:1)
17 creatures vanquished.

Notes
Turn   | Place    | Note
-------+----------+-------------------------------------------
     0 | D:1      | Ge0ff the Felid Reaver began the quest for the Orb.
     0 | D:1      | Reached XP level 1. HP: 9/9 MP: 4/4
   133 | D:1      | Reached skill level 1 in Stealth
   134 | D:1      | Slain by a kobold
   555 | D:1      | Reached XP level 2. HP: 13/13 MP: 6/6
  1068 | D:2      | Reached XP level 3. HP: 5/12 MP: 7/7
  1069 | D:2      | Frozen to death by an endoplasm

Illustrated notes

Levels and vault maps discovered:
D:1:      pf_arrival_petrified_forest, layout_rooms, serial_co_window_serial,
          co_window_corner_a, co_window_paths_b, co_window_of_opportunity_a,
          co_window_cross_1, co_window_of_opportunity_a, co_window_broadway_a,
          co_window_corner_b, co_window_of_opportunity_c, co_window_paths_c,
          co_window_broadway_c, co_window_cross_3, co_window_paths_d,
          glass_columns_b
D:2:      layout_loops_ring, serial_shops, shop,
          hellmonk_ecumenical_altar_watching_god, minmay_misc_feat_doors

Skill      XL: |  1  2 |
---------------+-------+-----
Stealth        | 2 3 |  3.0
Fighting       | |  2.3
Dodging        | |  2.6
Unarmed Combat | |  3.2
Spellcasting   | |  2.0
Conjurations   | |  2.6

Action                     || total
---------------------------++-------
  Melee: Unarmed           ||    50
         Bite              ||     5
   Cast: Kiss of Death     ||     3
   Stab: Sleeping          ||     4
 Armour: Skin              ||    19
  Dodge: Dodged            ||    26

Table legend: (Time is in decaauts)
 A = Elapsed time spent in this place.
 B = Non-inter-level travel time spent in this place.
 C = Inter-level travel time spent in this place.
 D = Time resting spent in this place.
 E = Time spent auto-exploring this place.
 F = Levels seen in this place.
 G = Mean time per level.
                   A        B        C        D        E       F      G
               +--------+--------+--------+--------+--------+-----+--------+
         Total |    881 |    842 |     39 |      0 |    694 |   2 |  440.5 |
       Dungeon |    881 |    842 |     39 |      0 |    694 |   2 |  440.5 |
               +--------+--------+--------+--------+--------+-----+--------+

Top non-repeatable levels by time:
     D:1: 854 daAuts
     D:2: 26 daAuts
